 Dungeon Crawl Stone Soup version 0.19.3-4-gbf9329e (console) character file.

529 Kloppie the Chopper (level 7, -5/55 HPs)
             Began as a Formicid Fighter on Jan 26, 2017.
             Slain by an ogre
             ... wielding a +0 giant spiked club
              (23 damage)
             ... on level 5 of the Dungeon.
             The game lasted 00:05:11 (3374 turns).

Kloppie the Chopper (Formicid Fighter)              Turns: 3374, Time: 00:05:12

Health: -5/55      AC: 13    Str: 20    XL:     7   Next: 48%
Magic:  7/7        EV:  4    Int:  8    God:
Gold:   225        SH: 10    Dex: 12    Spells: 0 memorised, 6 levels left

rFire  + . .     SeeInvis +     a - +0 war axe
rCold  . . .     Gourm    .     r - +0 plate armour
rNeg   . . .     Faith    .     c - +0 shield
rPois  .         Spirit   .     (helmet unavailable)
rElec  .         Reflect  .     e - +0 cloak
rCorr  .         Harm     .     (no gloves)
MR     .....                    (no boots)
Stlth  ..........               (no amulet)
                                (no ring)
                                n - ring of protection from fire

@: no status effects
A: permanent stasis, dig shafts and tunnels, four strong arms, antennae 3
a: Dig, Shaft Self


You were on level 5 of the Dungeon.
You were not hungry.

You visited 1 branch of the dungeon, and saw 5 of its levels.

You collected 225 gold pieces.

Inventory:

Hand Weapons
 a - a +0 war axe (weapon)
Armour
 c - a +0 shield (worn)
 e - a +0 cloak (worn)
 r - a +0 plate armour (worn)
Jewellery
 n - a ring of protection from fire (left hand)
Wands
 l - a wand of random effects (25/48)
Scrolls
 d - 2 scrolls of recharging {unknown}
 g - 2 scrolls of teleportation {unknown}
 h - 5 scrolls of identify {unknown}
 k - a scroll of fog {unknown}
 m - 4 scrolls of remove curse
 o - 2 scrolls of amnesia {unknown}
 p - a scroll of immolation {unknown}
 t - a scroll of enchant weapon {unknown}
 x - a scroll of fear {unknown}
Potions
 b - a potion of lignification
 q - a potion of curing {unknown}
 s - 3 potions of might
 u - a potion of heal wounds {unknown}
 w - a potion of magic {unknown}
Comestibles
 f - 3 bread rations
 i - 8 fruits
 j - a meat ration
 v - 5 chunks of flesh


   Skills:
 - Level 4.8 Fighting
 + Level 5.4 Axes
 - Level 4.9 Armour
 + Level 4.8 Shields


You had 6 spell levels left.
You didn't know any spells.

Dungeon Overview and Level Annotations

Branches:
Dungeon (5/15)
 Temple: D:4-7

Altars:
Cheibriados
Yredelemnul


Innate Abilities, Weirdness & Mutations

You are under a permanent stasis effect.
You can dig through walls and to a lower floor.
Your four strong arms can wield two-handed weapons with a shield.
You have a pair of large antennae on your head. (SInv)


Message History

You block the ogre's attack.
You slash the ogre!
The ogre is heavily wounded.
You block the giant cockroach's attack.
You slash the ogre!
The ogre is almost dead.
You hit the orc. You barely miss the giant cockroach.
The ogre hits you with a giant spiked club!
* * * LOW HITPOINT WARNING * * *
The orc hits you but does no damage.
The giant cockroach bites you but does no damage.
You are too injured to fight recklessly!
You are too injured to fight recklessly!
You hit the ogre.
The ogre is almost dead.
Your shield and plate armour prevent you from hitting the orc.
Your shield and plate armour prevent you from hitting the giant cockroach.
The giant cockroach closely misses you. The orc barely misses you.
The ogre hits you with a giant spiked club!!
You die...

.....##...................####
#.....#............. .....+...
#....#..........<.## ...#...
#....#..........#..#####.#.#.
####........[..................
........##...............#.....
+#........##...............+.#.#.
..........'.....o.....#....#.#...
..........###...@s.....#.###.####
......###...#####O#...)#..##.####
......###...#####.#....##.#......
.................................
.#########.............##.#....##
.# #.................'.........
.# #.................##........
.# #.................###.##....
.#####..........###+#### #..#....


You could see an ogre, an orc and a giant cockroach.

Vanquished Creatures
  2 crimson imps
  A hound (D:5)
  An orc priest (D:3)
  A centaur skeleton (D:5)
  2 iguanas
  Natasha (thrice) (D:3)
  2 worker ants (D:5)
  Robin (D:2)
  4 gnolls (D:3)
  4 adders
  3 oozes
  3 worms
  A dart slug (D:4)
  2 leopard geckos (D:2)
  7 orcs
  4 bats
  5 giant cockroaches
  18 goblins
  8 hobgoblins
  7 jackals
  A quokka (D:5)
  4 frilled lizards
  A jackal zombie (D:5)
  6 kobolds
  A quokka skeleton (D:4)
  5 rats
  A spectral orc (D:4)
98 creatures vanquished.

Vanquished Creatures (others)
  A fungus (D:5)
1 creature vanquished.

Grand Total: 99 creatures vanquished

Notes
Turn   | Place    | Note
-------+----------+-------------------------------------------
     0 | D:1      | Kloppie the Formicid Fighter began the quest for the Orb.
     0 | D:1      | Reached XP level 1. HP: 18/18 MP: 1/1
   126 | D:1      | Reached XP level 2. HP: 23/24 MP: 2/2
   550 | D:2      | Noticed Robin
   556 | D:2      | Reached XP level 3. HP: 30/30 MP: 3/3
   576 | D:2      | Killed Robin
   576 | D:2      | Reached skill level 3 in Axes
   965 | D:2      | Reached XP level 4. HP: 38/38 MP: 4/4
  1295 | D:3      | Noticed Natasha
  1307 | D:3      | Killed Natasha
  1307 | D:3      | Reached XP level 5. HP: 21/43 MP: 5/5
  1487 | D:3      | Noticed Natasha
  1496 | D:3      | Killed Natasha
  1567 | D:3      | Found a snail-covered altar of Cheibriados.
  1573 | D:3      | Noticed Natasha
  1604 | D:3      | Killed Natasha
  1604 | D:3      | Reached skill level 4 in Axes
  2039 | D:3      | Reached XP level 6. HP: 41/49 MP: 6/6
  2793 | D:4      | Found a basalt altar of Yredelemnul.
  2936 | D:5      | Entered Level 5 of the Dungeon
  2991 | D:5      | Reached XP level 7. HP: 55/55 MP: 7/7
  3044 | D:5      | Reached skill level 5 in Axes
  3374 | D:5      | Slain by an ogre

Skill      XL: |  1  2  3  4  5  6  7 |
---------------+----------------------+-----
Fighting       | 4 |  4.8
Axes           | 3 4 5 |  5.4
Armour         | 4 |  4.9
Shields        | 4 |  4.8

Action                   |  1- 3 |  4- 6 |  7- 9 || total
-------------------------+-------+-------+-------++-------
Melee: War axe           |    61 |   232 |    94 ||   387
  Use: Potion            |       |     3 |       ||     3
       Scroll            |       |     1 |       ||     1
  Eat: Chunk             |       |     7 |     2 ||     9
Armor: Scale mail        |    33 |    31 |       ||    64
       Plate armour      |       |   126 |    57 ||   183
       Skin              |       |     8 |       ||     8
Dodge: Dodged            |    25 |    48 |    18 ||    91
Block: Shield            |    28 |   139 |    45 ||   212
